 Dungeon Crawl Stone Soup version 0.29-a0-973-gac7da5f7f0 (webtiles) character file.

Game seed: 8859661979486099657

10062 inmateoo the Geomancer (level 11, -7/61 HPs)
             Began as a Gargoyle Earth Elementalist on July 31, 2022.
             Was a Believer of Hepliaklqana.
             Killed from afar by a manticore (15 damage)
             ... with a volley of spikes
             ... on level 11 of the Dungeon.
             The game lasted 00:19:11 (12970 turns).

inmateoo the Geomancer (GrEE)                      Turns: 12970, Time: 00:19:12

Health: -7/61      AC: 15    Str: 11    XL:     11   Next: 56%
Magic:  1/21       EV: 12    Int: 27    God:    Hepliaklqana [**....]
Gold:   694        SH:  5    Dex: 10    Spells: 14/24 levels left

rFire   + . .      SeeInvis .   c - staff of earth
rCold   . . .      Faith    .   (no shield)
rNeg    + . .      Spirit   .   C - +2 robe {rF+}
rPois   ∞          Reflect  +   q - +1 hat
rElec   +          Harm     .   (no cloak)
rCorr   .          Rampage  .   (no gloves)
Will    .....                   d - +0 pair of boots
Stlth   ++........              u - amulet of reflection
HPRegen 0.20/turn               j - +6 ring of intelligence
MPRegen 0.17/turn               x - ring of wizardry

@: spiked
A: reduced essence, sickness immunity, AC +8, negative energy resistance 1,
electricity resistance, torment resistance 1, petrification resistance
a: Renounce Religion, Recall Ancestor, Ancestor Identity


You were on level 11 of the Dungeon.
You worshipped Hepliaklqana.
Hepliaklqana was pleased with you.
You visited 2 branches of the dungeon, and saw 12 of its levels.

You collected 694 gold pieces.

Inventory:

Hand Weapons
 B - a +1 vampiric whip
 E - a +2 morningstar of holy wrath
Armour
 d - a +0 pair of boots (worn)
 q - a +1 hat (worn)
 C - a +2 robe of fire resistance (worn)
 F - a +2 leather armour of fire resistance
Magical Staves
 c - a staff of earth (weapon)
Jewellery
 j - a +6 ring of intelligence (left hand)
 s - a ring of resist corrosion
 u - an amulet of reflection (around neck)
 x - a ring of wizardry (right hand)
Wands
 a - a wand of charming (5)
 A - a wand of quicksilver (16)
Scrolls
 e - a scroll of identify
 i - 3 scrolls of amnesia
 v - 2 scrolls of blinking
 w - 3 scrolls of teleportation
 y - 2 scrolls of magic mapping
 D - a scroll of summoning
Potions
 b - 4 potions of magic
 g - 2 potions of flight
 h - 2 potions of might
 k - 2 potions of brilliance
 l - 4 potions of heal wounds
 m - 3 potions of haste
 n - 3 potions of mutation
 o - 2 potions of invisibility
 p - 3 potions of ambrosia
 r - a potion of berserk rage
 t - 5 potions of curing
 z - a potion of lignification


   Skills:
 + Level 8.1 Fighting
 + Level 7.7 Maces & Flails
 + Level 7.4 Armour
 - Level 4.0 Dodging
 - Level 3.0 Stealth
 + Level 7.1 Spellcasting
 + Level 4.4 Conjurations
 - Level 3.0 Transmutations
 + Level 8.2 Earth Magic
 + Level 1.4 Invocations
 - Level 2.0 Evocations


You had 14 spell levels left.
You knew the following spells:

 Your Spells              Type           Power      Damage    Failure   Level
a - Sandblast             Erth           100%       2d20      1%          1
b - Passwall              Tmut/Erth      46%        N/A       1%          2
c - Stone Arrow           Conj/Erth      100%       3d13      1%          3
d - Petrify               Tmut/Erth      56%        N/A       2%          4

Your spell library contained the following spells:

 Spells                   Type           Power      Damage    Failure   Level
 Static Discharge         Conj/Air       21%        3-6/arc   1%          2
 Ensorcelled Hibernation  Hex/Ice        18%        N/A       3%          2
 Ignite Poison            Fire/Tmut/Pois 15%        N/A       4%          3
 Mephitic Cloud           Conj/Pois/Air  17%        N/A       4%          3
 Spider Form              Tmut/Pois      17%        N/A       4%          3
 Swiftness                Air            9%         N/A       7%          3
 Sticky Flame             Conj/Fire      21%        2d4       10%         4
 Irradiate                Conj/Tmut      14%        3d16      14%         5
 Anguish                  Hex/Necr       4%         N/A       22%         4
 Dispel Undead            Necr           9%         3d8       22%         4
 Freezing Cloud           Conj/Ice/Air   8%         6-21      32%         5
 Sublimation of Blood     Necr           Unusable   N/A       N/A         2

Dungeon Overview and Level Annotations

Branches:
Dungeon (11/15)            Temple (1/1) D:7            Lair (0/5) D:8
    Orc (0/2) D:11

Altars:
Ashenzari
Cheibriados
Dithmenos
Elyvilon
Fedhas
Gozag
Hepliaklqana
Kikubaaqudgha
Makhleb
Nemelex Xobeh
Okawaru
Qazlal
Ru
Sif Muna
Trog
Uskayaw
Vehumet
Wu Jian
Xom
Yredelemnul
Zin
The Shining One

Shops:
D:9 (

Portals:
Trove: D:10 (show abyssal rune of Zot)


Innate Abilities, Weirdness & Mutations

Your life essence is reduced to manifest your ancestor. (-10% HP)
You are immune to sickness and miasma.
Your stone body is resilient. (AC +8)
You are immune to poison.
You resist negative energy. (rN+)
You are resistant to electric shocks. (rElec)
You are resistant to unholy torment.
You are immune to petrification.


Message History

The manticore is severely wounded.
Caesarion points at the manticore and mumbles some strange words.
The puff of frost hits the manticore!
The manticore flicks its tail.
The volley of spikes hits Caesarion!
Casting: Stone Arrow (safe; 1% risk of failure)
Confirm with . or Enter, or press ? or * to list all spells.
You don't have enough magic to cast this spell.
Unknown command.
Casting: Stone Arrow (safe; 1% risk of failure)
Confirm with . or Enter, or press ? or * to list all spells.
Aiming: Sandblast (safe; 1% risk of failure)
Press: ? - help, Shift-Dir - straight line, f/p - manticore
Aim: a manticore (almost dead, not watching you, ally target, 91% to hit)
You feel a surge of power!
The blast of sand hits the manticore but does no damage.
The manticore is almost dead.
The manticore bites Caesarion!
The manticore claws Caesarion but does no damage.
The manticore claws Caesarion.
Caesarion is destroyed!
The manticore flicks its tail.
The volley of spikes hits you!
The barbed spikes become lodged in your body.
Casting: Sandblast (safe; 1% risk of failure)
Confirm with . or Enter, or press ? or * to list all spells.
Aiming: Sandblast (safe; 1% risk of failure)
Press: ? - help, Shift-Dir - straight line, f/p - manticore
Aim: a manticore (almost dead, 91% to hit)
You feel a surge of power!
The blast of sand hits the manticore but does no damage.
The manticore is almost dead.
The manticore flicks its tail.
The volley of spikes hits you!
The barbed spikes become lodged in your body.
* * * LOW HITPOINT WARNING * * *
The manticore flicks its tail.
The volley of spikes hits you!
The barbed spikes become lodged in your body.
You die...

#.. #######...
H..#.....8 #..#......
#...)..... #..)8)...>
#@...)....
################..#.....
..................# ...
..................### .
......................
##...=..<..............
#......................
#....[.................
#......................


You could see a manticore.

Vanquished Creatures
  Pikel (D:7)
  A cyclops (D:11)
  A gargoyle (D:10)
  A kobold demonologist (D:10)
  A troll (D:10)
  A hornet (D:10)
  Prince Ribbit (D:6)
  A slime creature (D:7)
  13 yaks (D:9)
  3 steam dragons
  Duvessa (D:7)
  3 acid dragons
  A water moccasin (D:9)
  2 orc warriors
  3 ice beasts
  2 ogres
  A phantom (D:6)
  4 centaurs
  6 kobold brigands
  A lemure (D:7)
  6 bullfrogs
  A necrophage (D:7)
  3 scorpions
  8 wights
  Dowan (D:7)
  13 killer bees
  3 howler monkeys (D:7)
  A jelly (D:6)
  5 hounds
  7 orc priests
  6 iguanas
  Ijyb (D:3)
  Natasha (D:2)
  6 orc wizards
  Robin (D:2)
  6 gnolls
  4 adders
  A shadow imp (D:6)
  2 white imps
  2 ufetubi
  3 worms
  A dart slug (D:3)
  30 orcs
  7 ball pythons
  12 endoplasms
  4 giant cockroaches
  11 goblins
  9 hobgoblins
  11 jackals
  4 quokkas
  3 bats
  22 kobolds
  7 rats
250 creatures vanquished.

Vanquished Creatures (collateral kills)
  4 yaks (D:9)
  An orc warrior (D:11)
  2 wights (D:9)
  2 killer bees (D:10)
  An orc wizard (D:10)
  2 orcs (D:11)
  3 kobolds (D:10)
15 creatures vanquished.

Vanquished Creatures (others)
  5 ancestors
  A battlemage (D:11)
  An orc wizard (D:8)
7 creatures vanquished.

Grand Total: 272 creatures vanquished

Notes
Turn   | Place    | Note
-------+----------+-------------------------------------------
     0 | D:1      | inmateoo the Gargoyle Earth Elementalist began the quest
                  | for the Orb.
     0 | D:1      | Reached XP level 1. HP: 10/10 MP: 3/3
   399 | D:1      | Reached skill level 1 in Transmutations
   399 | D:1      | Reached XP level 2. HP: 10/15 MP: 1/5
   961 | D:2      | Noticed Robin
   976 | D:1      | Reached XP level 3. HP: 13/19 MP: 2/6
  1071 | D:1      | Learned a level 2 spell: Passwall
  1075 | D:1      | Learned a level 3 spell: Stone Arrow
  1180 | D:2      | Killed Robin
  1637 | D:2      | Noticed Natasha
  1639 | D:2      | Killed Natasha
  1640 | D:2      | Reached XP level 4. HP: 19/24 MP: 4/7
  1803 | D:2      | Reached skill level 1 in Conjurations
  2180 | D:3      | Reached XP level 5. HP: 27/28 MP: 6/9
  2288 | D:3      | Noticed Ijyb
  2592 | D:3      | Found a faded altar of an unknown god.
  2642 | D:3      | Killed Ijyb
  3092 | D:4      | Reached skill level 5 in Earth Magic
  3110 | D:4      | Reached XP level 6. HP: 32/32 MP: 5/10
  3428 | D:4      | Reached skill level 1 in Fighting
  3428 | D:4      | Reached skill level 1 in Armour
  3461 | D:4      | Reached skill level 1 in Maces & Flails
  3766 | D:5      | Entered Level 5 of the Dungeon
  3773 | D:5      | Found a shadowy altar of Dithmenos.
  4162 | D:5      | Reached XP level 7. HP: 40/40 MP: 6/11
  5133 | D:5      | Found a large runed translucent door.
  5133 | D:5      | Found a large runed translucent door.
  5188 | D:5      | Found a shimmering altar of Xom.
  5504 | D:5      | Reached XP level 8. HP: 42/48 MP: 1/12
  5875 | D:6      | Found a sparkling altar of Nemelex Xobeh.
  5875 | D:6      | Noticed Prince Ribbit
  5881 | D:6      | Killed Prince Ribbit
  5882 | D:6      | Reached skill level 5 in Fighting
  6358 | D:6      | Reached skill level 5 in Maces & Flails
  6429 | D:6      | Reached skill level 5 in Spellcasting
  6486 | D:6      | Reached XP level 9. HP: 54/54 MP: 12/16
  6513 | D:6      | Learned a level 4 spell: Petrify
  6853 | D:7      | Noticed Pikel
  6860 | D:7      | Killed Pikel
  6861 | D:7      | Reached skill level 1 in Evocations
  7059 | D:7      | Noticed Duvessa
  7502 | D:7      | Noticed Dowan
  7507 | D:7      | Killed Dowan
  8026 | D:7      | Found a staircase to the Ecumenical Temple.
  8040 | Temple   | Entered the Ecumenical Temple
  8231 | Temple   | Became a worshipper of Hepliaklqana the Forgotten
  8423 | D:7      | Found a glowing golden altar of the Shining One.
  8580 | D:7      | Killed Duvessa
  8779 | D:7      | Reached skill level 5 in Armour
  8804 | D:7      | Reached XP level 10. HP: 50/60 MP: 13/18
  9048 | D:8      | Found a staircase to the Lair.
 10132 | D:9      | Found Goehoagel's Weapon Shop.
 10132 | D:9      | Reached * piety under Hepliaklqana
 10321 | D:9      | Found a broken altar of Ashenzari.
 10633 | D:9      | Reached XP level 11. HP: 42/60 MP: 10/20
 11001 | D:10     | Entered Level 10 of the Dungeon
 11403 | D:10     | Found a blossoming altar of Fedhas.
 11711 | D:10     | Found an ancient bone altar of Kikubaaqudgha.
 12282 | D:10     | Reached skill level 1 in Invocations
 12390 | D:10     | Reached ** piety under Hepliaklqana
 12391 | D:10     | Remembered your ancestor Caesarion as a battlemage
 12471 | D:10     | Found a portal to a secret trove of treasure.
 12543 | D:11     | Noticed a cyclops
 12775 | D:11     | Killed a cyclops
 12947 | D:11     | Found a staircase to the Orcish Mines.
 12965 | D:11     | Noticed a manticore
 12970 | D:11     | Killed from afar by a manticore

Illustrated notes

Levels and vault maps discovered:
D:1:      scummos_arrival_simple_fountains, layout_basic
D:2:      layout_loops_corners, minmay_pentomino_x4, uniq_robin, uniq_natasha
D:3:      layout_basic, hellmonk_ecumenical_altar_slurped_away, uniq_ijyb
D:4:      layout_rooms, nicolae_figureground_pulse
D:5:      due_chaos_kobolds, layout_basic, amcnicky_altar_gilded
D:6:      layout_loops_ring, mainiacjoe_overflow_surrounded_room,
          uniq_prince_ribbit1
D:7:      minmay_chambers_of_fours, layout_loops_corners, kennysheep_mini,
          minmay_temple_entry_proselytizer, uniq_duvessa, uniq_pikel
D:8:      layout_loops_ring, lair_entry_dummy, nicolae_elevator_lobby_asterisk
D:9:      layout_basic, lemuel_crystal_altar, serial_shops, shop_fountains
D:10:     layout_grid_maze, mainiacjoe_overflow_paths, kiku_gazebo_pond_becter,
          nicolae_trove_entry_crystal
D:11:     layout_long_grid, david_orc_2, nicolae_yredelemnul_ghost_church
Temple:   regret_index_temple_sphere_string

Skill      XL: |  1  2  3  4  5  6  7  8  9 10 11 |
---------------+----------------------------------+-----
Transmutations | 1 2 3 |  3.0
Earth Magic    | 4 5 6 7 8 |  8.2
Dodging        | 2 3 4 |  4.0
Stealth        | 3 |  3.0
Conjurations   | 1 3 4 |  4.4
Spellcasting   | 3 5 6 7 |  7.1
Fighting       | 2 3 5 6 7 8 |  8.1
Armour         | 2 3 4 5 6 7 |  7.4
Maces & Flails | 1 3 5 6 7 |  7.7
Evocations     | 2 |  2.0
Invocations    | 1 |  1.4

Action                   |  1- 3 |  4- 6 |  7- 9 | 10-12 || total
-------------------------+-------+-------+-------+-------++-------
Melee: Unarmed           |     1 |       |       |       ||     1
       Dagger            |       |     4 |       |       ||     4
       Whip              |       |     8 |       |       ||     8
       Flail             |       |       |     3 |       ||     3
       Staff             |       |       |     6 |     5 ||    11
 Cast: Sandblast         |    45 |   104 |    97 |   155 ||   401
       Stone Arrow       |       |       |    44 |    36 ||    80
       Petrify           |       |       |     2 |     2 ||     4
Invok: Recall Ancestor   |       |       |       |     1 ||     1
       Ancestor Life: Ba |       |       |       |     1 ||     1
Evoke: Wand              |       |       |    11 |       ||    11
  Use: Scroll            |       |    13 |     4 |     9 ||    26
       Potion            |       |     1 |       |       ||     1
 Stab: Sleeping          |       |     1 |       |       ||     1
       Invisible         |       |       |     1 |       ||     1
Armor: Robe              |     6 |    21 |    66 |   111 ||   204
Dodge: Dodged            |    19 |    46 |    77 |   152 ||   294
Block: Other             |       |       |       |    25 ||    25
       Reflection        |       |       |       |     4 ||     4

Table legend: (Time is in decaauts)
 A = Elapsed time spent in this place.
 B = Non-inter-level travel time spent in this place.
 C = Inter-level travel time spent in this place.
 D = Time resting spent in this place.
 E = Time spent auto-exploring this place.
 F = Levels seen in this place.
 G = Mean time per level.
                   A        B        C        D        E       F      G
               +--------+--------+--------+--------+--------+-----+--------+
         Total |  13378 |  13034 |    344 |   5098 |   5639 |  12 | 1114.8 |
       Dungeon |  13171 |  12872 |    299 |   5098 |   5492 |  11 | 1197.4 |
        Temple |    207 |    162 |     45 |      0 |    147 |   1 |  207.0 |
               +--------+--------+--------+--------+--------+-----+--------+

Top non-repeatable levels by time:
     D:5: 1836 daAuts
     D:7: 1698 daAuts
     D:9: 1473 daAuts
    D:10: 1429 daAuts
     D:6: 1409 daAuts
     D:8: 1230 daAuts
     D:2: 1186 daAuts
     D:1: 1015 daAuts
     D:3: 932 daAuts
     D:4: 873 daAuts
  Temple: 207 daAuts
    D:11: 85 daAuts
